 Dungeon Crawl Stone Soup version 0.32-a0-128-g77eb882913 (webtiles) character file.

Game seed: 14720043410250831325

83943 hikkokomori the Grappler (level 15, -3/134 HPs)
             Began as a Troll Shapeshifter on Feb 8, 2024.
             Was the Champion of Hepliaklqana.
             Killed from afar by an air elemental (7 damage)
             ... with a stunning burst
             ... on level 1 of the Elven Halls.
             The game lasted 01:05:04 (17635 turns).

hikkokomori the Grappler (Troll Shapeshifter)      Turns: 17635, Time: 01:05:05

Health: -3/134     AC:  5    Str: 35    XL:     15   Next: 33%
Magic:  15/17      EV: 22    Int:  6    God:    Hepliaklqana [******]
Gold:   1216       SH: 11    Dex: 15    Spells: 14/14 levels left

rFire   . .          .
                       - Unarmed
rCold   . . .        B - +0 kite shield
rNeg    + . .        M - +5 robe of Misfortune {Harm *Corrode *Slow EV+5}
rPois   .            Q - melded +2 hat {Int+3}
rElec   .            J - melded +2 cloak {Will+}
rCorr   .            (gloves unavailable)
SInv    .            (boots unavailable)
Will    +....        D - amulet of regeneration
Stlth   ++           Y - ring "Goqoot" {rN+ EV+5 Str+9}
HPRegen 2.02/turn    t - +4 ring of protection
MPRegen 0.15/turn

%: corrode self (3%), slow self (1%), harm (+30% outgoing, +20% incoming)
@: beast-form, corroded, slowed, very slow
A: beast (slay +4), reduced essence, large, unfitting armour, claws 3,
regeneration 1, shaggy fur 1, tough skin 1
a: Begin Untransformation, Renounce Religion, Recall Ancestor, Ancestor
Identity, Transference, Idealise


You were on level 1 of the Elven Halls.
You worshipped Hepliaklqana.
Hepliaklqana was exalted by your worship.
You were a hulking beast.
You visited 5 branches of the dungeon, and saw 21 of its levels.
You also visited: Ossuary and Volcano.

You collected 2369 gold pieces.
You spent 1153 gold pieces at shops.

Inventory:

Missiles
 f - 3 throwing nets
 g - 16 poisoned darts
 n - 7 curare-tipped darts
 y - 14 boomerangs (quivered)
 S - 6 javelins
 V - 8 large rocks
Armour
 w - a +1 troll leather armour {Snorg}
 B - a +0 kite shield (worn)
 E - a +2 robe of cold resistance
 J - a +2 cloak of willpower (melded)
 M - the +5 robe of Misfortune (worn) {Harm *Corrode *Slow EV+5}
   (You found it on level 8 of the Dungeon)

   EV+5:      It affects your evasion (+5).
   *Corrode:  It may corrode you when you take damage.
   *Slow:     It may slow you when you take damage.
   Harm:      It increases damage dealt and taken.
 Q - a +2 hat of intelligence (melded)
Jewellery
 d - a ring of see invisible
 t - a +4 ring of protection (right claw)
 C - a ring of poison resistance
 D - an amulet of regeneration (around neck)
 Y - the ring "Goqoot" (left claw) {rN+ EV+5 Str+9}
   (You bought it in a shop on level 2 of the Dungeon)

   [ring of evasion]

   EV+5:      It affects your evasion (+5).
   Str+9:     It affects your strength (+9).
   rN+:       It protects you from negative energy.
Talismans
 c - a beast talisman (active)
 Z - a serpent talisman
Wands
 a - a wand of polymorph (5)
 j - a wand of digging (3)
 s - a wand of flame (21)
 u - a wand of paralysis (6)
 A - a wand of mindburst (6)
 F - a wand of roots (3)
 H - a wand of light (7)
Scrolls
 e - 8 scrolls of teleportation
 o - a scroll of silence
 r - 2 scrolls of fear
 v - 3 scrolls of vulnerability {unknown}
 G - 2 scrolls of immolation
 L - 2 scrolls of torment
 N - 3 scrolls of poison
 P - 2 scrolls of revelation
 R - a scroll of amnesia
 W - 2 scrolls of enchant armour
Potions
 b - 2 potions of lignification
 h - 2 potions of heal wounds
 i - a potion of berserk rage
 k - a potion of curing
 l - a potion of might
 m - 3 potions of ambrosia
 p - 6 potions of attraction
 q - 3 potions of enlightenment
 x - 4 potions of cancellation
 z - 4 potions of mutation
 I - a potion of resistance {unknown}
 O - 3 potions of brilliance
Miscellaneous
 T - a sack of spiders (inert)
 X - a lightning rod (4/4)


   Skills:
 - Level 10.0 Fighting
 + Level 11.2 Throwing
 - Level 6.0 Dodging
 - Level 2.0 Stealth
 - Level 10.0 Shields
 + Level 12.5 Unarmed Combat
 - Level 5.0 Invocations
 - Level 8.0 Evocations
 + Level 7.3 Shapeshifting


You had 14 spell levels left.
You didn't know any spells.
Your spell library contained the following spells:

 Spells                   Type           Power      Damage    Failure   Level
 Foxfire                  Conj/Fire      0%         2x1d4     58%         1
 Slow                     Hex            0%         N/A       58%         1
 Sting                    Conj/Alch      0%         1d3       58%         1
 Summon Small Mammal      Summ           0%         N/A       58%         1
 Mercury Vapours          Alch/Air       0%         N/A       73%         2
 Call Canine Familiar     Summ           0%         N/A       91%         3
 Confusing Touch          Hex            0%         N/A       91%         3
 Mephitic Cloud           Conj/Alch/Air  0%         N/A       91%         3
 Sigil of Binding         Hex            0%         N/A       91%         3
 Vampiric Draining        Necr           0%         2d6       91%         3
 Anguish                  Hex/Necr       0%         N/A       100%        4
 Cause Fear               Hex            0%         N/A       100%        4
 Olgreb's Toxic Radiance  Alch           0%         N/A       100%        4
 Summon Blazeheart Golem  Fire/Summ      0%         N/A       100%        4
 Freezing Cloud           Conj/Ice/Air   0%         6-21      100%        5
 Plasma Beam              Fire/Air       0%         2x1d10    100%        6
 Starburst                Conj/Fire      0%         6d3       100%        6
 Enfeeble                 Hex            0%         N/A       100%        7


Dungeon Overview and Level Annotations

Branches:
Dungeon (12/15)            Temple (1/1) D:7            Lair (5/5) D:11
 Shoals (0/4) Lair:3       Spider (0/4) Lair:2        Slime (0/5) Lair:4
    Orc (2/2) D:12            Elf (1/3) Orc:2       Ossuary (visited)
Volcano (visited)

Altars:
Ashenzari
Cheibriados
Dithmenos
Elyvilon
Fedhas
Gozag
Hepliaklqana
Kikubaaqudgha
Makhleb
Nemelex Xobeh
Okawaru
Qazlal
Ru
Sif Muna
Trog
Uskayaw
Vehumet
Wu Jian
Xom
Yredelemnul
Zin
The Shining One
Jiyva

Shops:
D:2 =   D:8 :   D:9 :   D:10 !((=   D:12 [   Orc:2 =(=!

Annotations:
D:1 1 runed translucent door
Lair:1 3 runed translucent doors, BubbleThief's ghost, journeyman MfSh


Innate Abilities, Weirdness & Mutations

You are a hulking beast.
Your limbs bulge with bestial killing power. (Slay +4)
Your life essence is reduced to manifest your ancestor. (-10% HP)
You are too large for most types of armour.
You have claws for hands.
Your natural rate of healing is unusually fast.
You are covered in fur. (AC +1)
You have tough skin. (AC +1)


Message History

The fire elemental burns Leofric!
Leofric resists.
Leofric barely misses the fire elemental.
The air elemental barely misses you.
Leofric hits the fire elemental with a +0 dagger of draining!
The fire elemental hits Leofric.
The fire elemental burns Leofric!
Leofric resists.
Leofric closely misses the fire elemental.
The air elemental completely misses you.
The air elemental hits you but does no damage.
Something hits Leofric.
Something burns Leofric!
Leofric resists.
Leofric hits the air elemental with a +0 dagger of draining!
Leofric closely misses the air elemental.
The air elemental hits Leofric.
Something hits Leofric.
Something burns Leofric!
Leofric resists.
Leofric is destroyed!
The air elemental fires a burst of electricity at you.
The stunning burst misses you. The air elemental hits you!
* * * LOW HITPOINT WARNING * * *
You block the air elemental's attack. You block the air elemental's attack.
The air elemental fires a burst of electricity at you.
The stunning burst hits you!
You suddenly lose the ability to move!
* * * LOW HITPOINT WARNING * * *
The deep elf zephyrmancer mumbles some strange words.
The deep elf zephyrmancer blinks!
The air elemental fires a burst of electricity at you.
The stunning burst hits you!
* * * LOW HITPOINT WARNING * * *
Your corrosive artefact corrodes you!
The air elemental hits you!
* * * LOW HITPOINT WARNING * * *
You can move again.
The air elemental attacks as it pursues you!
The air elemental completely misses you.
The air elemental fires a burst of electricity at you.
The stunning burst hits you.
You shrug off the repeated paralysis!
You die...
Hepliaklqana delivers you to your ancestors.

#.# ##..##
#.####.###
#.##)## ##...##
#....# #....# .
#####)<## ..
##.##.#.#
.....###§§§h##.#
........§§E##..##
...§.####§e#....#
..e..§§§E§.§.^..#
######§####......
##E## #######
#§## #§##


#Ee You could see a deep elf zephyrmancer and an air elemental.

Vanquished Creatures
  Gastronok (Lair:1)
  An orc warlord (Orc:1)
  Snorg (Lair:4)
  2 entropy weavers (Lair:3)
  3 hydras
  Erica (D:11)
  Erolcha (Orc:2)
  3 ghost crabs (Lair:3)
  2 ogre magi (Orc:2)
  An ice dragon (Lair:5)
  A boulder beetle (D:12)
  8 two-headed ogres
  3 dancing weapons (Elf:1)
  Urug (Lair:3)
  An orc high priest (D:12)
  Amaemon (Lair:1)
  Sonja (Lair:5)
  4 fire crabs (Lair:3)
  2 orc knights (Orc:2)
  A deep elf pyromancer (Elf:1)
  2 deep elf zephyrmancers (Elf:1)
  8 orc sorcerers
  A wolf spider (Lair:5)
  2 ugly things (Volcano)
  2 cyclopes
  A manticore (D:12)
  10 elephants
  2 kobold blastminers (Orc:1)
  6 black mambas
  A guardian serpent (Lair:5)
  A torpor snail (Lair:4)
  An orange demon (Lair:1)
  14 cane toads
  2 molten gargoyles (Volcano)
  A smoke demon (Volcano)
  An apocalypse crab (Lair:3)
  A gargoyle (D:10)
  5 kobold demonologists
  12 komodo dragons
  3 rime drakes
  5 trolls
  2 hornets (Lair:5)
  6 blink frogs
  A polar bear (Lair:5)
  4 slime creatures (D:10)
  A vampire (D:11)
  2 fire bats (Volcano)
  A wraith (D:11)
  5 wargs
  11 wyverns
  38 yaks
  2 redbacks
  2 hell hounds (Volcano)
  21 water moccasins
  15 orc warriors
  3 ice beasts
  A sky beast (D:8)
  2 black bears
  10 ogres
  4 wolves (Lair:2)
  2 centaurs
  3 phantoms
  3 elf zombies (Ossuary)
  3 lemures (D:8)
  5 kobold brigands
  The ghost of jestert79 the Sneak, an amateur FeAr of Ru (D:4)
  14 bullfrogs
  2 gnoll sergeants
  3 scorpions
  12 wights
  12 killer bees
  5 howler monkeys
  3 lava snakes (Volcano)
  A bombardier beetle (D:6)
  A centaur zombie (Ossuary)
  2 human zombies (Ossuary)
  2 jellies (D:5)
  6 hounds
  3 gnoll boudas (D:5)
  12 orc priests
  6 iguanas
  Terence (D:3)
  17 orc wizards
  A sleepcap (D:8)
  A scorpion zombie (D:4)
  7 hound zombies (Ossuary)
  2 mummies (Ossuary)
  Robin (D:4)
  A howler monkey zombie (D:4)
  13 gnolls
  8 adders
  A shadow imp (D:5)
  5 white imps
  2 ufetubi (D:7)
  5 adder zombies (Ossuary)
  4 dart slugs
  3 ribbon worms
  72 orcs
  2 ball pythons (D:2)
  2 bats
  6 endoplasms
  A giant cockroach (D:1)
  A gnoll zombie (Ossuary)
  16 goblins
  6 hobgoblins
  9 jackals
  19 kobolds
  5 quokkas
  3 frilled lizards
  5 jackal zombies (Ossuary)
  3 kobold zombies (Ossuary)
  9 orc zombies (Ossuary)
  2 rats
585 creatures vanquished.

Vanquished Creatures (collateral kills)
  A boulder beetle (Lair:2)
  A dancing weapon (Elf:1)
  An orc knight (Orc:2)
  A lindwurm (Lair:5)
  Pikel (D:8)
  A wolf spider (Lair:5)
  An orc sorcerer (Orc:2)
  Maurice (D:8)
  An ugly thing (D:12)
  2 kobold blastminers (Orc:1)
  4 elephants (Lair:5)
  2 merfolk sirens (Lair:3)
  A black mamba (Lair:4)
  5 cane toads
  A rime drake (Lair:4)
  A komodo dragon (Lair:1)
  A hornet (D:9)
  A troll (Orc:2)
  2 dream sheep (Lair:4)
  3 blink frogs
  A slime creature (D:10)
  A wyvern (Lair:5)
  12 yaks
  A basilisk (Lair:1)
  3 fire bats (Volcano)
  A redback (Lair:2)
  A steam dragon (D:9)
  7 orc warriors
  A sky beast (D:7)
  An ogre (Orc:2)
  A lemure (D:8)
  A kobold brigand (D:12)
  A gnoll sergeant (D:5)
  2 bullfrogs
  2 wights (D:8)
  An electric eel (Lair:3)
  A howler monkey (D:8)
  2 lava snakes (Volcano)
  8 orc wizards
  A gnoll (D:8)
  14 orcs
  A jackal (D:5)
  3 kobolds
99 creatures vanquished.

Vanquished Creatures (others)
  An orc priest (Orc:1)
  15 hexers
  2 orc wizards (Orc:2)
  An ancestor (D:6)
  2 orcs (Orc:2)
21 creatures vanquished.

Grand Total: 705 creatures vanquished

Notes
Turn   | Place    | Note
-------+----------+-------------------------------------------
     0 | D:1      | hikkokomori the Troll Shapeshifter began the quest for the
                  | Orb.
     0 | D:1      | Reached XP level 1. HP: 18/18 MP: 0/0
     6 | D:1      | Found a runed translucent door.
    40 | D:1      | Reached skill level 1 in Fighting
    78 | D:1      | Reached XP level 2. HP: 13/27 MP: 1/1
   284 | D:1      | Reached skill level 1 in Stealth
   325 | D:1      | Reached XP level 3. HP: 35/35 MP: 2/2
  1046 | D:2      | Found Gajoteat's Jewellery Shoppe.
  1700 | D:3      | Noticed Terence
  1708 | D:3      | Killed Terence
  1709 | D:3      | Reached XP level 4. HP: 43/44 MP: 3/3
  1747 | D:3      | Found an iron altar of Okawaru.
  1748 | D:3      | Found a broken altar of Ashenzari.
  2229 | D:3      | Reached XP level 5. HP: 48/52 MP: 4/4
  3059 | D:4      | Noticed a phantom
  3071 | D:4      | Killed a phantom
  3072 | D:4      | Reached skill level 1 in Throwing
  3193 | D:4      | Reached skill level 1 in Evocations
  3193 | D:4      | Reached XP level 6. HP: 9/61 MP: 5/5
  3301 | D:4      | Noticed Robin
  3451 | D:4      | Killed Robin
  3527 | D:4      | Found a runed translucent gate.
  3527 | D:4      | Found a runed translucent gate.
  3527 | D:4      | Found a runed translucent gate.
  3527 | D:4      | Noticed jestert79's ghost (amateur FeAr)
  3529 | D:4      | Found a basalt altar of Yredelemnul.
  3552 | D:4      | Killed jestert79's ghost
  3553 | D:4      | Reached skill level 4 in Unarmed Combat
  3618 | D:4      | Reached XP level 7. HP: 56/67 MP: 6/6
  3642 | D:4      | You fall into a shaft and drop 3 floors!
  3760 | D:7      | Reached skill level 5 in Unarmed Combat
  3778 | D:7      | Reached XP level 8. HP: 19/75 MP: 7/7
  3917 | D:7      | Found a sand-covered staircase.
  3922 | Ossuary  | Entered an ossuary
  4097 | Ossuary  | Reached skill level 6 in Unarmed Combat
  4276 | D:7      | Found a bloodstained altar of Trog.
  4300 | D:7      | HP: 1/118 [killer bee (5)]
  4308 | D:7      | Reached skill level 5 in Shapeshifting
  4371 | D:7      | Found a white marble altar of Elyvilon.
  4488 | D:7      | Found a staircase to the Ecumenical Temple.
  4499 | D:7      | Reached XP level 9. HP: 81/87 MP: 8/8
  4505 | Temple   | Entered the Ecumenical Temple
  4533 | Temple   | Became a worshipper of Hepliaklqana the Forgotten
  4649 | D:6      | Reached skill level 5 in Fighting
  4660 | D:5      | Entered Level 5 of the Dungeon
  4938 | D:5      | Found a sacrificial altar of Ru.
  5012 | D:5      | Found a hide-covered altar of Uskayaw.
  5130 | D:5      | Reached skill level 1 in Invocations
  5287 | D:5      | Reached * piety under Hepliaklqana
  5413 | D:5      | Learned a level 4 spell: Olgreb's Toxic Radiance
  5653 | D:6      | Found an opulent altar of Gozag.
  5967 | D:6      | Found an ornate altar of the Wu Jian Council.
  6241 | D:6      | Reached ** piety under Hepliaklqana
  6242 | D:6      | Remembered your ancestor Leofric as a hexer
  6411 | D:7      | Reached XP level 10. HP: 86/86 MP: 10/10
  6614 | D:7      | Reached skill level 7 in Unarmed Combat
  6792 | D:8      | Reached skill level 1 in Shields
  6835 | D:8      | Noticed Maurice
  6844 | D:8      | Killed Maurice
  7131 | D:8      | Found the +5 robe of Misfortune {Harm *Corrode *Slow EV+5}
  7196 | D:8      | Noticed Pikel
  7203 | D:8      | Killed Pikel
  7232 | D:8      | Found Mureo's Tremendous Tomes.
  7277 | D:9      | Paralysed by a hornet for 2 turns
  7282 | D:9      | Reached skill level 5 in Evocations
  7411 | D:9      | Reached skill level 5 in Throwing
  7454 | D:9      | Found a shimmering altar of Xom.
  7499 | D:9      | Found Sudukhler's Book Boutique.
  7587 | D:9      | Noticed a two-headed ogre
  7598 | D:9      | Killed a two-headed ogre
  7599 | D:9      | Reached skill level 8 in Unarmed Combat
  7635 | D:9      | Noticed a two-headed ogre
  7644 | D:9      | Killed a two-headed ogre
  7792 | D:9      | Reached XP level 11. HP: 91/91 MP: 11/11
  7869 | D:10     | Entered Level 10 of the Dungeon
  7946 | D:10     | Reached *** piety under Hepliaklqana
  7984 | D:10     | Found Uwkusix's Antique Weapon Shoppe.
  7986 | D:10     | Found Baodghah's Jewellery Shoppe.
  8006 | D:10     | Found Moimut's Weapon Shoppe.
  8010 | D:10     | Found Daesom's Distillery.
  8179 | D:10     | Reached skill level 5 in Shields
  8264 | D:10     | Found an ornate altar of the Wu Jian Council.
  8614 | D:11     | Noticed a two-headed ogre
  8620 | D:11     | Killed a two-headed ogre
  8664 | D:11     | Noticed Erica
  8668 | D:11     | Killed Erica
  8791 | D:11     | Reached **** piety under Hepliaklqana
  8879 | D:11     | Noticed a sixfirhy
  8961 | D:11     | Found a staircase to the Lair.
  9062 | Lair:1   | Entered Level 1 of the Lair of Beasts
  9078 | Lair:1   | Noticed Gastronok
  9095 | Lair:1   | Killed Gastronok
  9164 | Lair:1   | Reached XP level 12. HP: 104/106 MP: 12/12
  9180 | Lair:1   | Identified the staff of the Exiled Runes {rC+ Str+4 Int+3
                  | Ice}
  9233 | Lair:1   | Found a runed translucent gate.
  9233 | Lair:1   | Found a runed translucent gate.
  9234 | Lair:1   | Found a runed translucent gate.
  9235 | Lair:1   | Noticed BubbleThief's ghost (journeyman MfSh)
  9235 | Lair:1   | Noticed an 11-headed hydra
  9324 | Lair:1   | Noticed Amaemon
  9342 | Lair:1   | Killed Amaemon
  9605 | Lair:1   | Reached skill level 5 in Dodging
 10218 | D:2      | Bought the ring "Goqoot" {rN+ EV+5 Str+9} for 793 gold
                  | pieces
 10465 | Lair:2   | Reached skill level 9 in Unarmed Combat
 10540 | Lair:2   | Found a hide-covered altar of Uskayaw.
 10540 | Lair:2   | Noticed a boulder beetle
 10541 | Lair:2   | Found an ornate altar of the Wu Jian Council.
 10558 | Lair:2   | Killed a boulder beetle
 10741 | Lair:2   | Found a hole to the Spider Nest.
 11300 | Lair:3   | Noticed a four-headed hydra
 11309 | Lair:3   | Killed a six-headed hydra
 11312 | Lair:3   | Noticed Urug
 11323 | Lair:3   | Reached XP level 13. HP: 93/111 MP: 13/13
 11329 | Lair:3   | Killed Urug
 11332 | Lair:3   | Reached skill level 10 in Unarmed Combat
 11378 | Lair:3   | Found a runed translucent door.
 11483 | Lair:3   | Reached ***** piety under Hepliaklqana
 11555 | Lair:3   | Found a staircase to the Shoals.
 12164 | Lair:3   | Reached skill level 11 in Unarmed Combat
 12583 | Lair:4   | Reached skill level 12 in Unarmed Combat
 12663 | Lair:4   | Noticed Snorg
 12674 | Lair:4   | Killed Snorg
 12715 | Lair:4   | Found a dark tunnel.
 12725 | Volcano  | Entered a volcano
 12843 | Volcano  | Found a radiant altar of Vehumet.
 13270 | Lair:4   | Found a viscous altar of Jiyva.
 13270 | Lair:4   | Found a staircase to the Slime Pits.
 13281 | Lair:4   | Found a white marble altar of Elyvilon.
 13572 | Lair:4   | Reached XP level 14. HP: 121/121 MP: 14/14
 13929 | Lair:5   | Entered Level 5 of the Lair of Beasts
 14475 | Lair:5   | Reached skill level 10 in Throwing
 14672 | Lair:5   | Noticed Sonja
 14679 | Lair:5   | Killed Sonja
 14960 | Lair:5   | Identified the +1 ring mail of Gekamoet {^Contam rC- Str+8
                  | Stlth+}
 15370 | D:12     | Found a staircase to the Orcish Mines.
 15479 | D:12     | Found Nykeosm's Armour Shop.
 15546 | D:12     | Reached skill level 10 in Shields
 15615 | D:12     | Reached ****** piety under Hepliaklqana
 15961 | Orc:1    | Entered Level 1 of the Orcish Mines
 16096 | Orc:1    | Paralysed by an orc sorcerer for 4 turns
 16096 | Orc:1    | Noticed an orc warlord
 16099 | Orc:1    | HP: 4/123 [troll[an orc warlord] (24)]
 16323 | Orc:1    | Paralysed by an orc sorcerer for 2 turns
 16349 | Orc:1    | Killed an orc warlord
 16638 | Orc:2    | Entered Level 2 of the Orcish Mines
 16801 | Orc:2    | Reached XP level 15. HP: 130/130 MP: 17/17
 16819 | Orc:2    | Found a bloodstained altar of Trog.
 16856 | Orc:2    | Found a staircase to the Elven Halls.
 16981 | Orc:2    | Reached skill level 5 in Invocations
 17020 | Orc:2    | Paralysed by an orc sorcerer for 5 turns
 17264 | Orc:2    | Found Nethruel's Antique Weapon Shoppe.
 17297 | Orc:2    | Found Isua's Jewellery Emporium.
 17317 | Orc:2    | Found a radiant altar of Vehumet.
 17317 | Orc:2    | Noticed Erolcha
 17330 | Orc:2    | Found Hiepumoe's Jewellery Shoppe.
 17333 | Orc:2    | Killed Erolcha
 17373 | Orc:2    | Reached skill level 10 in Fighting
 17378 | Orc:2    | Found Qoiteol's Distillery.
 17413 | Orc:2    | Bought a ring of poison resistance for 360 gold pieces
 17435 | Orc:2    | Found an ancient bone altar of Kikubaaqudgha.
 17575 | Elf:1    | Entered Level 1 of the Elven Halls
 17634 | Elf:1    | Paralysed by an air elemental for 1 turns
 17634 | Elf:1    | HP: 1/134 [air elemental (14)]
 17635 | Elf:1    | Killed from afar by an air elemental

Illustrated notes

Levels and vault maps discovered:
D:1:      dpeg_arrival_caged_fury, layout_basic
D:2:      layout_loops_corners, serial_shops, shop, hex_medium
D:3:      layout_basic, minitemple, uniq_terence
D:4:      layout_gridville, nicolae_yredelemnul_ghost_church, uniq_robin
D:5:      layout_cave_pools, eat_drink_and_be_merry_uskayaw,
          nicolae_ru_sacrificial_ziggurat, serial_gnoll_camp,
          gnoll_camp_mini_hut, gnoll_camp_mini_basic, gnoll_camp_mini_hut,
          gnoll_camp_medium_01, serial_bayou_ford_a, kennysheep_generic_room_7
D:6:      layout_loops_ring, mainiacjoe_overflow_small_starburst,
          minmay_ruined_shrine
D:7:      layout_loops_ring, mainiacjoe_overflow_divided_tiny,
          minmay_temple_entry_mist, enter_ossuary_5, kennysheep_generic_room_15
D:8:      layout_rooms, minmay_misc_feat_rugged, nicolae_shop_i_like_big_books,
          uniq_pikel, uniq_maurice
D:9:      layout_roguey, kennysheep_mini_moat, serial_shops,
          nicolae_shop_tiny_glass, minivault_23
D:10:     layout_grid_maze, nicolae_wu_jian_immortal_techniques,
          minmay_shop_grid_forest, hangedman_abyss_or_decor_passed
D:11:     layout_roguey, lair_entry_dummy, uniq_erica
D:12:     layout_long_grid, david_orc_2, serial_shops, shop, grunt_ogre_cave
Temple:   nicolae_temple_bog_church
Lair:1:   layout_chaotic_city, gammafunk_ghost_hydra_chop, beast_lair_carwin_1,
          grunt_megastairs_4, uniq_amaemon, uniq_gastronok
Lair:2:   layout_roguey, spider_nest_entry_webs, nzn_masters_of_martial_movement
Lair:3:   gammafunk_mikee_crab_dinner, layout_chaotic_city,
          elwin_shoals_entry_rooms, serial_bayou_lagoon_b, uniq_urug
Lair:4:   layout_layer_cave, slime_entry_1, enter_volcano_2, basic_altar,
          beast_lair_carwin_6, uniq_snorg
Lair:5:   hangedman_lair_tendril_chambers, layout_loops_ring,
          bobbens_ice_dragon_lair, lemuel_fruit_fields, serial_bayou_shore_b,
          uniq_sonja
Orc:1:    layout_diamond_mine, abandoned_shop
Orc:2:    kennysheep_orc_mage_school, layout_diamond_mine, basic_altar
Elf:1:    layout_rooms, serial_shops, nicolae_shop_bloodbath_and_beyond,
          nicolae_elf_crossing_hall, onia_ninara_cookie, uniq_asterion,
          uniq_donald, uniq_azrael

Skill      XL: |  1  2  3  4  5  6  7  8  9 10 11 12 13 14 15 |
---------------+----------------------------------------------+-----
Fighting       | 1 2 3 4 5 7 8 10 | 10.0
Stealth        | 1 2 |  2.0
Throwing       | 1 2 3 4 6 7 9 11 | 11.2
Evocations     | 1 2 3 4 5 6 7 8 |  8.0
Unarmed Combat | 4 5 6 8 9 12 | 12.5
Shapeshifting  | 5 6 7 |  7.3
Dodging        | 4 6 |  6.0
Invocations    | 2 4 5 |  5.0
Shields        | 4 7 8 10 | 10.0

Action                     |  1- 3 |  4- 6 |  7- 9 | 10-12 | 13-15 || total
---------------------------+-------+-------+-------+-------+-------++-------
  Melee: Unarmed           |    77 |   104 |   361 |   323 |   500 ||  1365
         Punch             |     2 |     3 |    18 |       |       ||    23
  Throw: Dart              |     4 |     6 |     5 |    29 |    62 ||   106
         Throwing net      |     2 |       |       |     2 |       ||     4
         Boomerang         |       |       |    62 |    89 |    36 ||   187
         Large rock        |       |       |       |     3 |    18 ||    21
         Javelin           |       |       |       |     2 |    44 ||    46
 Invoke: Ancestor Life: He |       |       |     1 |       |       ||     1
         Ancestor Identity |       |       |     1 |       |       ||     1
         Recall Ancestor   |       |       |       |     1 |       ||     1
         Idealise          |       |       |       |       |     2 ||     2
  Evoke: Wand              |       |     3 |     4 |    18 |    20 ||    45
         Sack of spiders   |       |       |       |       |     1 ||     1
    Use: Scroll            |       |     6 |    11 |     8 |     7 ||    32
         Potion            |       |     2 |     3 |       |     6 ||    11
   Stab: Sleeping          |       |     4 |     1 |       |     2 ||     7
         Distracted        |       |       |     2 |     7 |     9 ||    18
         Paralysed         |       |       |     1 |       |     7 ||     8
         Confused          |       |       |       |     7 |     4 ||    11
         Held in net/web   |       |       |       |     1 |       ||     1
         Invisible         |       |       |       |       |     3 ||     3
 Armour: Animal skin       |    21 |       |       |       |       ||    21
         Robe              |    13 |    83 |   239 |   140 |   278 ||   753
         Skin              |       |       |    24 |       |       ||    24
  Dodge: Dodged            |    36 |    32 |   174 |   194 |   454 ||   890
  Block: Kite shield       |       |       |     9 |   179 |   349 ||   537
   Form: Beast             |     1 |       |       |     2 |       ||     3
                           |       |       |       |     2 |       ||     2

Table legend: (Time is in decaauts)
 A = Elapsed time spent in this place.
 B = Non-inter-level travel time spent in this place.
 C = Inter-level travel time spent in this place.
 D = Time resting spent in this place.
 E = Time spent auto-exploring this place.
 F = Levels seen in this place.
 G = Mean time per level.
                   A        B        C        D        E       F      G
               +--------+--------+--------+--------+--------+-----+--------+
         Total |  17587 |  16276 |   1311 |    746 |  11191 |  23 |  764.7 |
       Dungeon |  10321 |   9392 |    929 |    473 |   6781 |  12 |  860.1 |
        Temple |     52 |      9 |     43 |      0 |      0 |   1 |   52.0 |
          Lair |   5255 |   5017 |    238 |    198 |   3485 |   5 | 1051.0 |
  Orcish Mines |   1267 |   1167 |    100 |     53 |    738 |   2 |  633.5 |
   Elven Halls |     65 |     65 |      0 |      0 |     22 |   1 |   65.0 |
       Ossuary |    311 |    311 |      0 |      0 |     86 |   1 |  311.0 |
       Volcano |    313 |    313 |      0 |     22 |     78 |   1 |  313.0 |
               +--------+--------+--------+--------+--------+-----+--------+

Top non-repeatable levels by time:
  Lair:3: 1341 daAuts
     D:3: 1238 daAuts
    D:12: 1145 daAuts
  Lair:5: 1139 daAuts
  Lair:4: 1116 daAuts
     D:7: 1026 daAuts
     D:4: 989 daAuts
  Lair:1: 946 daAuts
     D:2: 928 daAuts
   Orc:2: 849 daAuts
    D:10: 838 daAuts
     D:5: 809 daAuts
     D:1: 795 daAuts
     D:6: 787 daAuts
  Lair:2: 710 daAuts
